 Dungeon Crawl Stone Soup version 0.31-a0-1300-gb6740aa4e6 (webtiles) character file.

Game seed: 12964194244264521827

2 avis the Scratcher (level 1, 10/10 HPs)
             Began as a Felid Shapeshifter on Dec 18, 2023.
             Got out of the dungeon alive.
             The game lasted 00:00:31 (105 turns).

avis the Scratcher (Felid Shapeshifter)              Turns: 105, Time: 00:00:32

Health: 10/10      AC:  1    Str: 10    XL:     1   Next: 25%
Magic:  2/2        EV: 17    Int: 13    God:
Gold:   0          SH:  0    Dex: 15    Spells: 0/0 levels left
                                        Lives:  0   Deaths: 1

rFire   . .          .
                       - Unarmed
rCold   . . .        (shield unavailable)
rNeg    . . .        (body armour unavailable)
rPois   .            (helmet unavailable)
rElec   .            (cloak unavailable)
rCorr   .            (gloves unavailable)
SInv    +            (boots unavailable)
Will    .....        (no amulet)
Stlth   +            (no ring)
HPRegen 0.21/turn    (no ring)
MPRegen 0.08/turn

%: no passive effects
@: beast-form
A: beast (slay +1), very small, claws 1, fangs 3, see invisible, shaggy fur 1,
stealthy paws, no weapons or thrown items, no armour, multi-lived
a: Begin Untransformation


You escaped.
You were a hulking beast.
You visited 1 branch of the dungeon, and saw 1 of its levels.

Inventory:

Talismans
 b - a beast talisman
 c - a flux talisman
Scrolls
 e - a scroll of immolation {unknown}
Potions
 a - a potion of lignification
 d - a potion of haste {unknown}


   Skills:
 + Level 1.0 Fighting
 + Level 2.7 Dodging
 + Level 3.0 Unarmed Combat
 + Level 2.7 Shapeshifting


You couldn't memorise any spells.
You didn't know any spells.
Your spell library was empty.

Dungeon Overview and Level Annotations

Branches:
Dungeon (1/15)

Altars:


Innate Abilities, Weirdness & Mutations

You are a hulking beast.
Your limbs bulge with bestial killing power. (Slay +1)
You have sharp claws.
You have razor-sharp teeth.
You have supernaturally acute eyesight. (SInv)
You are covered in fur. (AC +1)
Your paws help you pounce on unaware monsters.
You are incapable of wielding weapons or throwing items.
You cannot wear armour.
You gain extra lives every three experience levels.


Message History

e - a scroll labelled TEBULA GICA
Found a spear.
The bat misses you. The bat hits you but does no damage. The bat hits you.
You scratch the bat.
You kill the bat!
HP restored.
A frilled lizard comes into view.
The frilled lizard hisses angrily.
The frilled lizard completely misses you.
You scratch the frilled lizard.
You kill the frilled lizard!
You see here a frilled lizard corpse.
A kobold comes into view. It is wielding a +0 club.
The kobold shouts!
The kobold hits you with a +0 club.
You closely miss the kobold. The kobold barely misses you.
You closely miss the kobold. You bite the kobold.
The kobold is severely wounded.
The kobold barely misses you.
You closely miss the kobold.
The kobold is severely wounded.
The kobold hits you with a +0 club.
You closely miss the kobold.
The kobold is severely wounded.
The kobold hits you with a +0 club.
Ouch! That really hurt!
* * * LOW HITPOINT WARNING * * *
The kobold attacks as it pursues you! The kobold hits you with a +0 club.
You die...
Your shape twists and changes as you die.
You rejoin the land of the living...
A kobold is nearby!
You scratch the kobold.
You kill the kobold!
You see here a +0 club.
There is an empty arch of ancient stone here.
There is a staircase leading out of the dungeon here.
You have escaped!

#.# #####....#†# ##.#
#.....#.#..#
##..####..##†#.##.##
##..[.....P..........
##..PPP...P♣P....#....
#..PP♣....P♣♣♣.....#..
##....8P∩...♣♣P....#..
#.....P....PP.P)......
#.P♣Ph......P...##.#..
....P♣♣P....P....##
.#..
##.#.P♣P♣♣P...P..## .#
. #....P♣ P.....#.#
###... P..∩.##.# ##.


PP...... . #. ........# # .####.# There were no monsters in sight!

Vanquished Creatures
  A bat (D:1)
  A frilled lizard (D:1)
  A kobold (D:1)
3 creatures vanquished.

Notes
Turn   | Place    | Note
-------+----------+-------------------------------------------
     0 | D:1      | avis the Felid Shapeshifter began the quest for the Orb.
     0 | D:1      | Reached XP level 1. HP: 10/10 MP: 2/2
    69 | D:1      | Slain by a kobold
   105 | D:$      | Got out of the dungeon alive.

Illustrated notes

Levels and vault maps discovered:
D:1:      spicycebolla_arrival_clurvy, layout_loops_ring,
          nicolae_shop_vocational

Action                     || total
---------------------------++-------
  Melee: Unarmed           ||     7
         Bite              ||     1
 Armour: Skin              ||     6
  Dodge: Dodged            ||     4

Table legend: (Time is in decaauts)
 A = Elapsed time spent in this place.
 B = Non-inter-level travel time spent in this place.
 C = Inter-level travel time spent in this place.
 D = Time resting spent in this place.
 E = Time spent auto-exploring this place.
 F = Levels seen in this place.
 G = Mean time per level.
                   A        B        C        D        E       F      G
               +--------+--------+--------+--------+--------+-----+--------+
         Total |    104 |     74 |     30 |      0 |     38 |   1 |  104.0 |
       Dungeon |    104 |     74 |     30 |      0 |     38 |   1 |  104.0 |
               +--------+--------+--------+--------+--------+-----+--------+

Top non-repeatable levels by time:
     D:1: 104 daAuts
